 Dungeon Crawl Stone Soup version 0.20.1-1-g8b1a95d (webtiles) character file.

1810 kae the Arsonist (level 9, 0/67 HPs)
             Began as a Tengu Fire Elementalist on Sept 24, 2017.
             Was an Initiate of Vehumet.
             Slain by a wight
             ... wielding a cursed +3 battleaxe of freezing
              (2 damage)
             ... on level 6 of the Dungeon.
             The game lasted 00:08:10 (6863 turns).

kae the Arsonist (Tengu Fire Elementalist)          Turns: 6863, Time: 00:08:11

Health: 0/67       AC: 24    Str: 10    XL:     9   Next: 10%
Magic:  0/17       EV:  2    Int: 17    God:    Vehumet [......]
Gold:   296        SH:  0    Dex: 15    Spells: 8/18 levels left

rFire    . . .     SeeInvis .   a - +1 spear
rCold    . . .     Gourm    .   (no shield)
rNeg     + + +     Faith    .   (armour currently unavailable)
rPois    +         Spirit   .   (helmet currently unavailable)
rElec    .         Reflect  .   (cloak currently unavailable)
rCorr    .         Harm     .   (gloves currently unavailable)
MR       .....     NoTele   +   (boots unavailable)
Stlth    +++.......             x - amulet of rage
Regen    0.3/turn               v - ring of stealth (curse)
MPRegen  0.2/turn               (no ring)

@: tree-form, drained
A: able to fly 1
a: Fly, Renounce Religion, Evoke Berserk Rage


You were on level 6 of the Dungeon.
You worshipped Vehumet.
Vehumet was noncommittal.
You were not hungry.
You were a tree.
You visited 2 branches of the dungeon, and saw 7 of its levels.

You collected 296 gold pieces.

Inventory:

Hand Weapons
 a - a +1 spear (weapon)
 i - a +3 spear
Armour
 l - a +0 robe (melded)
 B - a +1 cloak (melded)
Jewellery
 v - a cursed ring of stealth (left branch)
 x - an amulet of rage (around neck)
Wands
 n - a wand of iceblast (5/15)
 s - a wand of lightning (6/15)
 z - a wand of flame (28/48)
Scrolls
 e - a scroll of vulnerability {unknown}
 h - 3 scrolls of teleportation
 m - a scroll of magic mapping
 w - 2 scrolls of identify
 y - a scroll of remove curse
Potions
 f - 2 potions of lignification
 g - a potion of flight {unknown}
 j - a potion of degeneration {unknown}
 k - a potion of ambrosia
 o - a potion of might {unknown}
 q - a potion of brilliance {unknown}
 r - a potion of agility {unknown}
 t - a potion of cancellation {unknown}
 u - 2 potions of curing {unknown}
 A - a potion of haste
 C - a potion of resistance {unknown}
Books
 b - a book of Flames

   Spells                             Type                      Level
   a - Flame Tongue                   Conjuration/Fire             1
   b - Throw Flame                    Conjuration/Fire             2
   c - Conjure Flame                  Conjuration/Fire             3
   d - Inner Flame                    Hexes/Fire                   3
   e - Sticky Flame                   Conjuration/Fire             4
   f - Fireball                       Conjuration/Fire             5
 p - a book of Changes

   Spells                             Type                      Level
   a - Beastly Appendage              Transmutation                1
   b - Sticks to Snakes               Transmutation                2
   c - Spider Form                    Transmutation/Poison         3
   d - Ice Form                       Ice/Transmutation            4
   e - Blade Hands                    Transmutation                5
Comestibles
 c - 5 bread rations
 d - a meat ration


   Skills:
 - Level 2.1(1.8) Dodging
 - Level 2.0(1.6) Stealth
 + Level 5.3(4.8) Spellcasting
 + Level 7.5(7.0) Conjurations
 * Level 9.7(9.2) Fire Magic


You had 8 spell levels left.
You knew the following spells:

 Your Spells              Type           Power        Failure   Level  Hunger
a - Flame Tongue          Conj/Fire      ####.        1%          1    None
b - Throw Flame           Conj/Fire      ####..       1%          2    #......
c - Conjure Flame         Conj/Fire      ####....     1%          3    ###....
d - Sticky Flame          Conj/Fire      ####....     4%          4    ####...


Dungeon Overview and Level Annotations

Branches:
Dungeon (6/15)             Temple (1/1) D:5

Altars:
Ashenzari
Cheibriados
Dithmenos
Elyvilon
Fedhas
Gozag
Hepliaklqana
Kikubaaqudgha
Makhleb
Nemelex Xobeh
Okawaru
Qazlal
Ru
Sif Muna
Trog
Uskayaw
Vehumet
Xom
Yredelemnul
Zin
The Shining One

Annotations:
D:2 Sigmund
D:6 Feta's ghost, novice FoFi


Innate Abilities, Weirdness & Mutations

((You have a beak for a mouth.))
((You have claws for feet.))
You can fly.


Message History

The wight is almost destroyed.
The wight hits you with a battleaxe of freezing!
* * * LOW HITPOINT WARNING * * *
The wight freezes you.
* * * LOW HITPOINT WARNING * * *
You hit the wight but do no damage. Your peck misses the wight.
The wight is almost destroyed.
The wight barely misses you.
Unknown command.
You turn into a tree.
Your +1 cloak melds into your body.
Your +0 robe melds into your body.
Your roots penetrate the ground.
Casting: Flame Tongue
Confirm with . or Enter, or press ? or * to list all spells.
Aiming: Flame Tongue
Press: ? - help, Shift-Dir - straight line, f/p - wight
Aim: a wight, wielding a battleaxe of freezing and wearing a robe (almost destroyed)
The flame tongue hits the wight.
The wight appears unharmed.
The wight is almost destroyed.
The wight hits you with a battleaxe of freezing.
You die...

#......#### #.........
#......# ####>........
#......# ##.........#.#
....... #..........#'#
..##### #.............
#..z.....[....
#........<....
.$.########.....[.......
.......♣z........#+#....
...#########.....#.#....
#.....#.#####
###.....#.# #.'.....#.#
#.#....##.# #.#.....#)#
# ##.#..#.# #.#.##.#


You could see a wight.

Vanquished Creatures
  The ghost of Feta the Chopper, a novice FoFi (D:5)
  The ghost of Ladykiller69 the Charmwright, an amateur FoSk (D:3)
  A black bear (D:6)
  3 phantoms
  2 ogres
  A centaur (D:6)
  A scorpion (D:5)
  3 wights (D:6)
  2 howler monkeys
  3 hounds
  Crazy Yiuf (D:5)
  A bullfrog skeleton (D:4)
  A jelly (D:5)
  3 worker ants (D:4)
  Ijyb (D:3)
  3 adders
  A shadow imp (D:4)
  2 oozes
  An adder zombie (D:6)
  2 adder skeletons
  2 worms
  3 dart slugs
  3 leopard geckos
  5 orcs
  11 bats
  5 giant cockroaches
  5 hobgoblins
  6 jackals
  2 quokkas
  A ball python (D:2)
  A ball python skeleton (D:5)
  9 frilled lizards
  5 goblins
  8 kobolds
  A leopard gecko skeleton (D:6)
  12 rats
113 creatures vanquished.

Notes
Turn   | Place    | Note
-------+----------+-------------------------------------------
     0 | D:1      | kae the Tengu Fire Elementalist began the quest for the Orb.
     0 | D:1      | Reached XP level 1. HP: 10/10 MP: 4/4
   189 | D:1      | Reached XP level 2. HP: 15/15 MP: 4/6
   225 | D:1      | Learned a level 2 spell: Throw Flame
   352 | D:1      | Reached skill level 4 in Fire Magic
   555 | D:1      | Reached XP level 3. HP: 16/19 MP: 0/7
   828 | D:2      | Learned a level 3 spell: Conjure Flame
  1306 | D:2      | Found a shimmering altar of Xom.
  1346 | D:2      | Reached XP level 4. HP: 24/24 MP: 6/8
  1392 | D:2      | Noticed Sigmund
  2414 | D:3      | Reached skill level 5 in Fire Magic
  2466 | D:3      | Noticed a phantom
  2489 | D:3      | Killed a phantom
  2489 | D:3      | Gained mutation: You can fly. [Tengu growth]
  2489 | D:3      | Reached XP level 5. HP: 12/28 MP: 2/10
  2817 | D:3      | Noticed Ijyb
  2822 | D:3      | Killed Ijyb
  3110 | D:3      | Noticed Ladykiller69's ghost (amateur FoSk)
  3218 | D:3      | Killed Ladykiller69's ghost
  3218 | D:3      | Reached skill level 6 in Fire Magic
  3218 | D:3      | Reached XP level 6. HP: 24/32 MP: 3/11
  3881 | D:4      | Reached XP level 7. HP: 36/36 MP: 4/13
  3980 | D:4      | Learned a level 4 spell: Sticky Flame
  4246 | D:4      | Reached skill level 7 in Fire Magic
  4331 | D:4      | Reached skill level 5 in Conjurations
  4639 | D:5      | Entered Level 5 of the Dungeon
  4695 | D:5      | Found a runed door.
  4920 | D:5      | Found a staircase to the Ecumenical Temple.
  4931 | Temple   | Entered the Ecumenical Temple
  5098 | Temple   | Became a worshipper of Vehumet
  5137 | D:5      | Noticed Feta's ghost (novice FoFi)
  5144 | D:5      | HP: 1/36 [Feta's ghost (14)]
  5472 | D:5      | Reached XP level 8. HP: 41/41 MP: 10/15
  5799 | D:5      | Killed Feta's ghost
  5799 | D:5      | Reached skill level 8 in Fire Magic
  5962 | D:5      | Noticed Crazy Yiuf
  5966 | D:5      | Killed Crazy Yiuf
  6003 | D:6      | Noticed Feta's ghost (novice FoFi)
  6296 | D:6      | Reached skill level 9 in Fire Magic
  6454 | D:6      | Reached skill level 5 in Spellcasting
  6707 | D:6      | Reached XP level 9. HP: 45/45 MP: 7/17
  6860 | D:6      | HP: 1/45 [wight/battleaxe of freezing (4)]
  6863 | D:6      | Slain by a wight

Skill      XL: |  1  2  3  4  5  6  7  8 |
---------------+-------------------------+-----
Conjurations   | 2 3 4 5 7 |  7.5
Fire Magic     | 4 5 6 7 9 |  9.7
Spellcasting   | 3 4 5 |  5.3
Dodging        | |  2.1
Stealth        | |  2.0

Action                   |  1- 3 |  4- 6 |  7- 9 || total
-------------------------+-------+-------+-------++-------
Melee: Unarmed           |    19 |     4 |       ||    23
       Kick              |     5 |     2 |     1 ||     8
       Peck              |     2 |     1 |     1 ||     4
       Spear             |       |     5 |    12 ||    17
 Cast: Flame Tongue      |    46 |    74 |   122 ||   242
       Throw Flame       |     2 |    11 |    19 ||    32
       Conjure Flame     |       |       |     3 ||     3
       Sticky Flame      |       |       |     1 ||     1
  Use: Scroll            |       |     7 |     5 ||    12
       Potion            |       |       |     2 ||     2
 Stab: Sleeping          |       |     2 |     1 ||     3
  Eat: Chunk             |     2 |     9 |    10 ||    21
Armor: Robe              |    15 |     9 |     6 ||    30
Dodge: Dodged            |    35 |    23 |    30 ||    88
